Map: Pylon LE

Players

Nicoract

  • Race: Terran Terran
  • Spawn Location: 5:00

lemon - Winner!

  • Race: Protoss Protoss
  • Spawn Location: 11:00

VOD

Have the link to the VOD?

Description

Time

  • Played on: Aug. 26, 2025, 8:29 a.m.
  • Length: 8:30
Show
View Real Time Build Order
Export as new Build Order

Nicoract Terran 

Build Orders: Cyclone Opening 

Get SALT Encoding   

  12  0:00  SCV  
  13  0:12  SCV  
  14  0:16  Supply Depot  
  14  0:24  SCV  
  14  0:28  Refinery  
  15  0:38  SCV  
  16  0:45  Barracks  
  16  0:50  SCV  
  17  1:02  SCV  
  18  1:06  Engineering Bay  
  18  1:14  SCV  
  19  1:32  Marine, Orbital Command  
  19  1:37  Factory  
  20  1:46  Supply Depot  
  20  1:51  Barracks Reactor  
  20  1:57  SCV  
  21  2:10  SCV  
  22  2:20  Factory Tech Lab  
  22  2:24  Command Center  
  22  2:26  Marine  
  22  2:27  Marine  
  25  2:32  Supply Depot  
  24  2:38  Cyclone  
  24  2:40  SCV  
  28  2:44  Marine  
  28  2:45  Marine  
  30  2:52  SCV  
  31  3:02  Marine x2  
  31  3:05  SCV  
  34  3:07  Refinery  
  34  3:14  Cyclone  
  37  3:21  SCV  
  37  3:23  Marine  
  39  3:33  Barracks  
  39  3:35  Marine  
  39  3:37  Orbital Command  
  39  3:38  SCV  
  41  3:41  Marine  
  42  3:51  Barracks  
  42  3:53  Marine  
  42  3:55  SCV, Factory Tech Lab  
  39  4:05  SCV  
  35  4:13  Marine x2  
  35  4:14  Siege Tank  
  35  4:16  SCV  
  37  4:19  SCV  
  37  4:22  Barracks  
  38  4:29  Stimpack  
  38  4:30  Marine  
  39  4:31  Marine x2  
  39  4:35  SCV x2  
  43  4:39  Marine  
  42  4:46  Siege Tank  
  42  4:50  Marine  
  42  4:52  SCV  
  47  4:55  Marine x2  
  47  4:58  Marine  
  50  5:06  Supply Depot  
  49  5:07  Marine  
  49  5:10  Marine  
  49  5:13  Marine x2  
  53  5:19  Marine  
  52  5:25  Marine  
  52  5:27  Marine  
  52  5:28  Siege Tank  
  57  5:31  Marine x2  
  57  5:34  Supply Depot  
  59  5:37  Marine  
  60  5:43  Marine  
  60  5:45  Marine  
  60  5:48  Supply Depot  
  62  5:55  Marine x2  
  62  5:56  Marine  
  65  6:01  Marine, Siege Tank  
  68  6:06  Marine  
  68  6:09  Combat Shield  
  69  6:13  Marine x3  
  69  6:14  Supply Depot  
  72  6:19  Marine  
  72  6:23  Marine  
  71  6:30  Marine  
  71  6:31  Marine x2  
  73  6:36  Marine  
  74  6:40  Siege Tank  
  74  6:41  Marine  
  73  6:48  Marine x2  
  73  6:49  Marine  
  76  6:54  SCV, Marine  
  76  6:59  Marine  
  75  7:06  Marine  
  75  7:08  Marine x2  
  72  7:12  Marine  
  67  7:17  Marine  
  58  7:24  Marine  
  58  7:26  Marine x2, SCV  
  52  7:30  Marine  
  52  7:35  Marine  
  53  7:42  Marine  
  53  7:44  Marine x2  
  43  7:48  Marine  
  46  7:52  Marine  
  47  8:00  Marine  
  47  8:01  Marine  
  47  8:02  Marine  
  46  8:06  Marine  
  46  8:10  Marine  
Show
View Real Time Build Order
Export as new Build Order

lemon Protoss - Winner!

Build Orders: 1 Gate Expand, Blink Stalkers 

Get SALT Encoding   

  12  0:00  Probe  
  13  0:12  Probe  
  14  0:17  Pylon  
  14  0:23  Probe  
  15  0:32  Probe  
  15  0:37  Gateway  
  15  0:40  Probe  
  16  0:45  Assimilator  
  17  0:51  Probe  
  18  1:03  Probe  
  19  1:15  Probe  
  20  1:26  Cybernetics Core  
  20  1:30  Nexus  
  20  1:37  Pylon  
  20  1:41  Probe  
  20  1:46  Assimilator  
  21  1:50  Warp Gate  
  21  1:53  Adept, Probe  
  22  2:05  Probe  
  25  2:09  Pylon  
  25  2:13  Adept  
  25  2:19  Probe  
  26  2:28  Gateway  
  28  2:37  Gateway  
  28  2:42  Stalker  
  28  2:49  Probe  
  31  2:52  Probe  
  32  3:02  Probe  
  32  3:04  Probe  
  34  3:14  Probe  
  34  3:16  Probe  
  36  3:26  Probe  
  35  3:27  Twilight Council  
  35  3:28  Shield Battery  
  35  3:35  Probe  
  35  3:39  Blink, Probe  
  35  3:40  Stalker x2  
  41  3:43  Stalker  
  41  3:47  Probe  
  44  3:55  Probe  
  45  3:58  Pylon  
  45  4:05  Stalker x2  
  45  4:06  Stalker  
  47  4:14  Probe  
  44  4:19  Probe  
  45  4:26  Probe  
  45  4:29  Stalker x2  
  50  4:31  Stalker  
  50  4:33  Probe  
  50  4:37  Assimilator  
  53  4:46  Robotics Facility, Probe x2  
  55  4:55  Adept x2  
  55  4:59  Pylon  
  59  5:02  Adept  
  60  5:07  Probe  
  60  5:14  Nexus  
  60  5:20  Charge  
  54  5:24  Pylon  
  54  5:26  Stalker  
  52  5:28  Stalker  
  52  5:31  Probe x2  
  52  5:33  Observer  
  57  5:43  Probe x2  
  57  5:44  Forge  
  59  5:50  Gateway  
  59  5:53  Gateway  
  59  5:56  Probe, Gateway  
  60  6:03  Stalker  
  63  6:07  Gateway  
  63  6:08  Pylon  
  62  6:12  Stalker  
  62  6:15  Stalker  
  66  6:26  Immortal  
  62  6:33  Stalker  
  62  6:37  Stalker  
  62  6:39  Stalker  
  67  6:48  Stalker  
  67  6:49  Stalker  
  68  6:57  Pylon  
  61  7:03  Zealot x3, Stalker x2  
  55  7:16  Zealot x2  
  43  7:25  Stalker x3  
  43  7:27  Probe  
  40  7:32  Zealot  
  40  7:35  Probe  
  39  7:44  Zealot x2  
  39  7:47  Sentry  
  41  7:53  Probe x2  
  43  8:05  Stalker x2  
  45  8:06  Zealot  
  47  8:12  Zealot  
  47  8:15  Zealot  
Tags
 
Add a new tag
Caveats
  • Supply blocks, unpowered buildings, or Contaminate may cause inaccurate times.
  • Supply counts are checked every 10 seconds.